 Dungeon Crawl Stone Soup version 0.31.0-32-g396128a36d (webtiles) character file.

Game seed: 11712248388160405790

7 Marvel the Poker (level 1, -1/16 HPs)
             Began as a Demonspawn Gladiator on Mar 23, 2024.
             Slain by a kobold
             ... wielding a +0 whip
              (5 damage)
             ... on level 1 of the Dungeon.
             The game lasted 00:00:52 (114 turns).

Marvel the Poker (Demonspawn Gladiator)              Turns: 114, Time: 00:00:53

Health: -1/16      AC:  4    Str: 14    XL:     1   Next: 83%
Magic:  1/1        EV: 12    Int:  8    God:
Gold:   9          SH:  0    Dex: 14    Spells: 0/0 levels left

rFire   . . .        a - +0 trident
rCold   . . .        (no shield)
rNeg    . . .        b - +0 leather armour
rPois   .            c - +0 helmet
rElec   .            (no cloak)
rCorr   .            (no gloves)
SInv    .            (no boots)
Will    .....        (no amulet)
Stlth   +            (no ring)
HPRegen 0.22/turn    (no ring)
MPRegen 0.07/turn

%: no passive effects
@: no status effects
A: no striking features
a: no special abilities


You were on level 1 of the Dungeon.
You visited 1 branch of the dungeon, and saw 1 of its levels.

You collected 9 gold pieces.

Inventory:

Hand Weapons
 a - a +0 trident (weapon)
Missiles
 d - 3 throwing nets (quivered)
 e - a javelin
Armour
 b - a +0 leather armour (worn)
 c - a +0 helmet (worn)
Scrolls
 f - a scroll of revelation {unknown}
 g - a scroll of teleportation {unknown}


   Skills:
 + Level 2.2 Fighting
 + Level 2.9 Polearms
 + Level 2.0 Throwing
 - Level 2.6 Dodging


You couldn't memorise any spells.
You didn't know any spells.
Your spell library was empty.

Dungeon Overview and Level Annotations

Branches:
Dungeon (1/15)

Altars:


Message History

You hit the hobgoblin.
You kill the hobgoblin!
The quokka bites you.
You are too injured to fight recklessly!
You are too injured to fight recklessly!
You are too injured to fight recklessly!
You are too injured to fight recklessly!
You are too injured to fight recklessly!
You are too injured to fight recklessly!
You hit the quokka but do no damage. The quokka misses you.
You closely miss the quokka. The quokka closely misses you.
You hit the quokka.
The quokka is almost dead.
The quokka bites you. The quokka completely misses you.
You hit the quokka.
You kill the quokka!
You hit the endoplasm.
The endoplasm is heavily wounded.
The endoplasm hits you but does no damage.
You hit the endoplasm.
You kill the endoplasm!
The bat hits you but does no damage.
Your Throwing skill increases to level 2!
The bat hits you. The endoplasm misses you. The kobold barely misses you.
You see here a hobgoblin corpse.
You hit the endoplasm.
The endoplasm is heavily wounded.
The bat hits you but does no damage. The bat closely misses you.
The endoplasm freezes you.
You are frozen.
The kobold barely misses you. The endoplasm barely misses you.
The kobold hits you with a +0 whip.
You miss the kobold. The endoplasm freezes you.
You are frozen.
The kobold barely misses you. The bat barely misses you.
You barely miss the kobold. The bat closely misses you.
The endoplasm freezes you.
You are frozen.
* * * LOW HITPOINT WARNING * * *
The kobold hits you with a +0 whip.
You die...

. .....# ... .##......
#############..#+#........
§≈§≈<≈§≈§§≈≈#..#...#......
§≈≈≈.≈≈≈≈≈§≈#..##........
≈.......≈≈§§#..##.....#
..........≈≈#..##w.†..####
..[..§.....≈#..##K........
...........§#b..@J##......
.8.###.8..###...### .....
..........#o#...# ..[.
###'''#######..## ...
..........##...# #.
..........##..##
#.......###...#
##'''''##...###
...........##


You could see a dart slug, an endoplasm, a bat and a kobold.

Vanquished Creatures
  A ball python (D:1)
  An endoplasm (D:1)
  A hobgoblin (D:1)
  A quokka (D:1)
  2 rats (D:1)
6 creatures vanquished.

Notes
Turn   | Place    | Note
-------+----------+-------------------------------------------
     0 | D:1      | Marvel the Demonspawn Gladiator began the quest for the
                  | Orb.
     0 | D:1      | Reached XP level 1. HP: 16/16 MP: 1/1
   114 | D:1      | Slain by a kobold

Illustrated notes

Levels and vault maps discovered:
D:1:      lordsloth_arrival_two_stooges, layout_basic

Skill      XL: |  1 |
---------------+----+-----
Throwing       | 2 |  2.0
Fighting       | |  2.2
Polearms       | |  2.9
Dodging        | |  2.6

Action                     || total
---------------------------++-------
  Melee: Trident           ||    20
 Armour: Leather armour    ||    11
  Dodge: Dodged            ||    22
